 Dungeon Crawl Stone Soup version 0.29.1-14-g9c671dbff4 (webtiles) character file.

Game seed: 15548022387598543919

212 raph the Changer (level 5, -2/66 HPs)
             Began as a Draconian Transmuter on Feb 12, 2023.
             Slain by an adder (3 damage)
             ... in a sewer.
             The game lasted 00:04:12 (2543 turns).

raph the Changer (Draconian Transmuter)             Turns: 2543, Time: 00:04:12

Health: -2/66      AC: 22    Str: 13    XL:     5   Next: 58%
Magic:  7/8        EV:  2    Int: 13    God:
Gold:   144        SH:  0    Dex: 13    Spells: 2/8 levels left

rFire   . . .      SeeInvis .     - Unarmed
rCold   . . .      Faith    +   (no shield)
rNeg    . . .      Spirit   .   (body armour unavailable)
rPois   +          Reflect  .   (helmet currently unavailable)
rElec   .          Harm     .   (cloak currently unavailable)
rCorr   .          Rampage  .   (gloves currently unavailable)
Will    +....      NoTele   +   (boots currently unavailable)
Stlth   +.........              f - amulet of faith
HPRegen 0.21/turn               e - ring of wizardry
MPRegen 0.11/turn               b - ring of willpower

@: lethally poisoned (-2 -> -4), tree-form
A: stationary, stasis, torment immunity, boosted hp, AC +5, unfitting armour,
(cold-blooded)
a: no special abilities


You were in a sewer.
You were a tree.
You visited 1 branch of the dungeon, and saw 3 of its levels.
You also visited: Sewer.

You collected 204 gold pieces.
You spent 60 gold pieces at shops.

Inventory:

Jewellery
 b - a ring of willpower (right branch)
 e - a ring of wizardry (left branch)
 f - an amulet of faith (around neck)
Scrolls
 g - a scroll of vulnerability {unknown}


   Skills:
 + Level 2.8 Fighting
 + Level 2.8 Dodging
 + Level 3.8 Unarmed Combat
 - Level 2.0 Spellcasting
 * Level 4.0 Transmutations


You had 2 spell levels left.
You knew the following spells:

 Your Spells              Type           Power      Damage    Failure   Level
a - Beastly Appendage     Tmut           22%        N/A       1%          1
b - Wereblood             Tmut           11%        N/A       3%          2
c - Spider Form           Tmut/Pois      6%         N/A       13%         3

Your spell library contained the following spells:

 Spells                   Type           Power      Damage    Failure   Level
 Dazzling Flash           Conj/Hex       2%         N/A       28%         3
 Ice Form                 Ice/Tmut       6%         N/A       38%         4
 Iskenderun's Mystic Bla  Conj/Tloc      1%         2d3       65%         4
 Starburst                Conj/Fire      0%         6d3       100%        6


Dungeon Overview and Level Annotations

Branches:
Dungeon (3/15)              Sewer (1/1)

Altars:

Shops:
D:1 !

Annotations:
D:2 Sigmund


Innate Abilities, Weirdness & Mutations

You are a tree.
Your roots penetrate the ground, keeping you stationary.
You cannot be teleported.
You are immune to unholy pain and torment.
Your maximum health is greatly increased.
Your equipment is partially melded.
((Your plain brown scales are hard. (AC +5)))
You cannot fit into any form of body armour.
((You are cold-blooded and may be slowed by cold attacks.))


Message History

Your headbutt misses the adder.
The adder is almost dead.
The adder closely misses you. The adder completely misses you.
You hit the adder.
You kill the adder!
The adder barely misses you. The adder barely misses you.
The adder closely misses you.
There is a large open door here.
You barely miss the adder.
Your tail-slap misses the adder.
The adder closely misses you. The adder barely misses you. x2
You barely miss the adder. You tail-slap the adder.
The adder is heavily wounded.
The adder closely misses you. The adder barely misses you.
You closely miss the adder. Your kick misses the adder.
Your headbutt misses the adder. You punch the adder.
The adder is almost dead.
The adder bites you but does no damage. The adder bites you.
* * * LOW HITPOINT WARNING * * *
You are poisoned.
The adder poisons you! The adder bites you.
* * * LOW HITPOINT WARNING * * *
You hit the adder.
You kill the adder!
* * * LOW HITPOINT WARNING * * *
You feel sick. The adder bites you.
* * * LOW HITPOINT WARNING * * *
It was a potion of flight.
You feel very buoyant.
You fly up into the air.
Your transformation is almost over.
* * * LOW HITPOINT WARNING * * *
You feel sick. The adder barely misses you.
Really quaff the potion of lignification? [Y]es or [N]o only, please.
Really quaff the potion of lignification?
Your horns disappear.
Your talons disappear.
You turn into a tree.
Your roots penetrate the ground.
* * * LOW HITPOINT WARNING * * *
You feel sick. The adder bites you.
You die...

≈.≈.# ~~≈~# #~≈~# #### ######
#~≈.# #... #.†..# #~≈.#
#####''#####♣'#####~≈~#
#∩..........S..~.~~~~~# #
#∩..............~.~~~.# #
#####++#####'÷#####~≈~# # #..÷.#
#~≈.# # ###### #~≈~#
#######################~≈~#######
~~~.~~~~~.~~~~~~~~~~.~~~≈~≈≈≈≈≈≈≈
≈≈≈≈≈≈≈≈≈≈≈≈≈≈≈≈≈≈≈≈≈≈≈≈≈.≈≈≈≈≈≈≈


You could see an adder.

Vanquished Creatures
  Natasha (thrice) (D:2)
  7 adders
  3 river rats (Sewer)
  5 endoplasms
  4 giant cockroaches
  2 goblins (D:1)
  4 hobgoblins
  4 quokkas
  9 ball pythons
  4 bats
  2 frilled lizards (D:1)
  4 kobolds (D:1)
  6 rats
57 creatures vanquished.

Notes
Turn   | Place    | Note
-------+----------+-------------------------------------------
     0 | D:1      | raph the Draconian Transmuter began the quest for the Orb.
     0 | D:1      | Reached XP level 1. HP: 16/16 MP: 3/3
   351 | D:1      | Reached XP level 2. HP: 19/23 MP: 3/5
   640 | D:1      | Learned a level 2 spell: Wereblood
   920 | D:1      | Found Ejocw's Distillery.
   961 | D:1      | Bought a potion of heal wounds for 50 gold pieces
   961 | D:1      | Bought a potion of degeneration for 10 gold pieces
  1161 | D:2      | Reached XP level 3. HP: 27/29 MP: 4/6
  1165 | D:2      | Learned a level 3 spell: Spider Form
  1197 | D:2      | Noticed Natasha
  1205 | D:2      | Killed Natasha
  1206 | D:2      | Reached skill level 3 in Transmutations
  1366 | D:2      | Noticed Natasha
  1377 | D:2      | Killed Natasha
  1378 | D:2      | Reached XP level 4. HP: 36/36 MP: 7/7
  1513 | D:2      | Noticed Natasha
  1524 | D:2      | Killed Natasha
  1632 | D:2      | Noticed Sigmund
  1865 | D:3      | Reached XP level 5. HP: 40/42 MP: 4/8
  1880 | D:3      | Found a glowing drain.
  1936 | Sewer    | Entered a sewer
  2528 | Sewer    | Reached skill level 4 in Transmutations
  2541 | Sewer    | HP: 2/42 [adder (1)]
  2543 | Sewer    | Slain by an adder

Illustrated notes

Levels and vault maps discovered:
D:1:      dpeg_arrival_erosion, layout_basic, serial_shops,
          nicolae_lakefront_shop, grunt_decor_fettered, dreamdust_wishing_well,
          minmay_tetromino_l2
D:2:      layout_loops_ring, uniq_sigmund, uniq_natasha
D:3:      layout_basic, basic_ecumenical_altar, gup_sewer_entry_bubbles,
          uniq_jessica
Sewer:    sewer_fruit_machine

Skill      XL: |  1  2  3  4  5 |
---------------+----------------+-----
Dodging        | 2 |  2.8
Fighting       | 2 |  2.8
Transmutations | 3 4 |  4.0
Unarmed Combat | |  3.8
Spellcasting   | |  2.0

Action                   |  1- 3 |  4- 6 || total
-------------------------+-------+-------++-------
Melee: Unarmed           |    85 |   112 ||   197
       Kick              |    15 |    12 ||    27
       Headbutt          |     7 |    12 ||    19
       Tailslap          |     6 |    10 ||    16
       Punch             |       |     2 ||     2
 Cast: Beastly Appendage |    16 |    16 ||    32
       Wereblood         |     1 |     3 ||     4
       Spider Form       |       |     1 ||     1
  Use: Scroll            |     3 |       ||     3
       Potion            |     1 |     3 ||     4
Armor: Skin              |    28 |    52 ||    80
Dodge: Dodged            |    59 |   111 ||   170
